Map: Persephone LE

Players

urgan - Winner!

  • Race: Protoss Protoss
  • Spawn Location: 7:00

KimChiLoVer

  • Race: Terran Terran
  • Spawn Location: 11:00

VOD

Have the link to the VOD?

Description

Time

  • Played on: Aug. 16, 2025, 6:40 p.m.
  • Length: 9:07
Show
View Real Time Build Order
Export as new Build Order

urgan Protoss - Winner!

Build Orders: 1 Gate Expand 

Get SALT Encoding   

  12  0:00  Probe  
  13  0:12  Probe  
  14  0:18  Pylon  
  14  0:24  Probe  
  15  0:32  Probe  
  15  0:38  Gateway  
  15  0:40  Probe  
  16  0:46  Assimilator  
  17  0:51  Probe  
  18  1:03  Probe  
  19  1:21  Nexus  
  19  1:30  Cybernetics Core  
  19  1:31  Probe  
  20  1:43  Probe  
  20  1:44  Pylon  
  20  1:46  Assimilator  
  21  1:54  Stalker  
  21  1:55  Probe  
  22  2:08  Probe  
  25  2:20  Probe, Stalker, Warp Gate  
  26  2:28  Probe  
  28  2:30  Probe  
  28  2:36  Probe  
  30  2:38  Probe  
  32  2:45  Twilight Council  
  32  2:46  Probe  
  32  2:48  Probe  
  34  2:58  Probe  
  33  3:00  Probe  
  34  3:10  Probe  
  34  3:11  Probe  
  36  3:14  Stalker  
  36  3:19  Probe  
  38  3:22  Twilight Council, Probe  
  40  3:27  Probe  
  41  3:34  Probe  
  41  3:39  Probe  
  42  3:47  Probe  
  43  3:51  Probe  
  44  4:02  Probe  
  45  4:11  Gateway  
  45  4:13  Gateway  
  45  4:15  Gateway  
  45  4:16  Gateway  
  43  4:24  Probe x2  
  43  4:28  Blink  
  45  4:32  Pylon  
  45  4:34  Pylon  
  45  4:36  Probe  
  45  4:38  Assimilator  
  46  4:40  Assimilator  
  46  4:41  Pylon  
  46  4:50  Probe x2  
  48  5:02  Probe  
  48  5:03  Forge  
  49  5:07  Stalker x2  
  49  5:13  Probe  
  54  5:14  Stalker x3, Probe, Pylon  
  61  5:22  Gateway  
  61  5:27  Robotics Facility  
  61  5:29  Probe  
  61  5:30  Probe, Stalker  
  61  5:31  Pylon, Stalker  
  67  5:40  Protoss Ground Weapons Level 1  
  67  5:45  Nexus  
  67  5:47  Probe x2  
  67  5:49  Zealot  
  71  5:52  Stalker  
  72  6:16  Stalker x5  
  82  6:31  Probe x2  
  84  6:44  Probe x2  
  84  6:45  Templar Archives  
  84  6:46  Charge  
  86  6:53  Probe  
  86  6:54  Probe x2, Pylon  
  86  6:55  Dark Shrine  
  86  6:56  Warp Prism  
  91  7:01  Probe  
  91  7:02  Probe x2  
  94  7:11  Probe x2  
  94  7:13  Psionic Storm  
  94  7:14  Pylon  
  94  7:15  Pylon  
  96  7:21  Probe  
  96  7:22  Pylon  
  97  7:24  Pylon  
  97  7:26  Zealot x4  
  97  7:27  Zealot  
  107  7:31  Pylon  
  95  7:57  Observer  
  94  8:00  Photon Cannon  
  94  8:01  Photon Cannon  
  94  8:03  Shield Battery  
  94  8:04  Photon Cannon  
  94  8:05  Photon Cannon  
  94  8:07  Dark Templar x3  
  94  8:08  Dark Templar  
  94  8:09  Photon Cannon  
  102  8:16  Stalker x2  
  106  8:24  Probe x2  
  106  8:25  Probe  
  106  8:26  Assimilator  
  109  8:28  Pylon  
  109  8:29  Assimilator  
  103  8:56  Dark Templar  
  103  8:57  Dark Templar x3  
  103  8:59  Zealot  
  103  9:00  Zealot  
Show
View Real Time Build Order
Export as new Build Order

KimChiLoVer Terran 

Build Orders: Reaper Expand 

Get SALT Encoding   

  12  0:00  SCV  
  13  0:15  SCV  
  13  0:17  Supply Depot  
  14  0:27  SCV  
  15  0:39  SCV  
  15  0:40  Barracks  
  16  0:45  Refinery  
  16  0:51  SCV  
  17  1:04  SCV  
  18  1:17  SCV  
  18  1:42  Reaper  
  18  1:45  Orbital Command  
  18  1:46  Command Center  
  19  2:08  Supply Depot  
  19  2:14  Marine  
  20  2:16  Factory  
  20  2:18  Refinery  
  20  2:26  SCV  
  21  2:37  Bunker  
  21  2:38  SCV  
  21  2:40  Barracks Reactor  
  22  2:50  SCV  
  23  3:02  Orbital Command  
  23  3:04  Factory Tech Lab  
  21  3:17  Starport  
  21  3:19  Marine, Barracks  
  21  3:35  Siege Tank  
  21  3:37  SCV  
  25  3:48  Marine x2  
  24  3:50  SCV  
  24  3:51  SCV  
  28  4:02  SCV  
  29  4:07  Marine x2  
  30  4:12  Barracks  
  30  4:15  Barracks Tech Lab  
  30  4:23  SCV  
  30  4:29  Engineering Bay  
  30  4:34  Starport Tech Lab  
  30  4:35  SCV  
  30  4:37  Concussive Shells  
  31  4:41  SCV  
  31  4:45  Reaper  
  33  4:52  SCV  
  34  4:53  SCV  
  34  4:58  Banshee  
  38  5:01  Marine  
  38  5:04  SCV  
  40  5:07  SCV  
  41  5:14  Engineering Bay  
  41  5:16  SCV  
  41  5:17  Missile Turret  
  42  5:25  Missile Turret, Stimpack  
  42  5:26  Marine  
  43  5:32  Barracks Reactor  
  43  5:33  Marine x2  
  43  5:35  SCV  
  46  5:46  Refinery  
  46  5:55  Barracks  
  46  5:56  Terran Infantry Weapons Level 1  
  46  5:57  Starport Reactor  
  46  5:58  SCV  
  45  6:13  Marine x2  
  45  6:15  Marine  
  46  6:28  Marine  
  46  6:37  Marine  
  46  6:39  Orbital Command  
  44  6:41  Marine x2  
  46  7:06  Medivac x2, Marauder  
  52  7:14  SCV x2  
  54  7:39  Refinery  
  54  7:40  Supply Depot  
  54  7:42  Marine, SCV  
  54  7:44  Marine, SCV  
  54  7:48  Medivac  
  52  7:54  SCV  
  53  8:02  Siege Tank, Bunker  
  53  8:03  Refinery  
  56  8:07  Armory, SCV  
  56  8:08  Marauder x2  
  61  8:13  SCV  
  62  8:32  Supply Depot  
  62  8:35  Marine  
  62  8:41  Marine, SCV  
  62  8:43  Marine, SCV  
  59  8:53  SCV  
Tags
 
Add a new tag
Caveats
  • Supply blocks, unpowered buildings, or Contaminate may cause inaccurate times.
  • Supply counts are checked every 10 seconds.